 Dungeon Crawl Stone Soup version 0.20.0-8-g6b59dc7 (webtiles) character file.

1615 JarielCorvus the Thaumaturge (level 8, -2/41 HPs)
             Began as a Deep Elf Wizard on June 1, 2017.
             Was a Follower of Vehumet.
             Slain by a fire elemental (13 damage)
             ... summoned by a deep elf mage
             ... on level 6 of the Dungeon.
             The game lasted 00:25:58 (6720 turns).

JarielCorvus the Thaumaturge (Deep Elf Wizard)      Turns: 6720, Time: 00:25:59

Health: -2/41      AC:  3    Str:  4    XL:     8   Next: 64%
Magic:  5/25       EV: 13    Int: 26    God:    Vehumet [*.....]
Gold:   337        SH:  0    Dex: 13    Spells: 17/29 levels left

rFire    . . .     SeeInvis .   y - +0 falchion (protect)
rCold    . . .     Gourm    .   (no shield)
rNeg     . . .     Faith    .   a - +1 robe
rPois    .         Spirit   .   b - +0 hat
rElec    .         Reflect  .   (no cloak)
rCorr    .         Harm     .   (no gloves)
MR       .....                  (no boots)
Stlth    +.........             j - amulet of regeneration
Regen    0.6/turn               l - ring of wizardry
MPRegen  0.2/turn               (no ring)

@: liquid flames, glowing
A: no striking features
a: Renounce Religion


You were on level 6 of the Dungeon.
You worshipped Vehumet.
Vehumet was aware of your devotion.
You were not hungry.

You visited 2 branches of the dungeon, and saw 7 of its levels.

You collected 337 gold pieces.

Inventory:

Hand Weapons
 g - a +0 short sword
 o - a -1 dagger
 y - a +0 falchion of protection (weapon)
Armour
 a - a +1 robe (worn)
 b - a +0 hat (worn)
 n - a +0 robe
Jewellery
 j - an amulet of regeneration (around neck)
 l - a ring of wizardry (left hand)
 t - a +2 ring of protection {unknown}
Wands
 f - a wand of polymorph (9/24)
 s - a wand of acid (6/15)
 A - a wand of scattershot (3/9)
 C - a wand of random effects (11/48)
Scrolls
 e - 7 scrolls of teleportation
 p - a scroll of enchant armour
 q - a scroll of magic mapping
 u - 2 scrolls of identify
 v - 2 scrolls of remove curse
 w - 2 scrolls of amnesia
 z - a scroll of blinking {unknown}
Potions
 h - a potion of curing
 k - 2 potions of brilliance
 r - a potion of mutation
 x - a potion of agility
Books
 c - a book of Minor Magic

   Spells                             Type                      Level
   a - Magic Dart                     Conjuration                  1
   b - Blink                          Translocation                2
   c - Call Imp                       Summoning                    2
   d - Slow                           Hexes                        2
   e - Conjure Flame                  Conjuration/Fire             3
   f - Mephitic Cloud                 Conjuration/Poison/Air       3
 i - a book of Cantrips

   Spells                             Type                      Level
   a - Confusing Touch                Hexes                        1
   b - Animate Skeleton               Necromancy                   1
   c - Summon Small Mammal            Summoning                    1
   d - Apportation                    Translocation                1
Comestibles
 d - 2 bread rations
 m - 3 royal jellies
 B - 4 fruits


   Skills:
 - Level 2.4 Dodging
 - Level 2.4 Stealth
 - Level 11.0 Spellcasting
 * Level 7.1 Conjurations
 - Level 1.1 Summonings
 - Level 1.1 Translocations
 + Level 2.9 Fire Magic
 + Level 2.6 Air Magic


You had 17 spell levels left.
You knew the following spells:

 Your Spells              Type           Power        Failure   Level  Hunger
a - Magic Dart            Conj           ####         1%          1    None
b - Blink                 Tloc           N/A          1%          2    None
c - Call Imp              Summ           ###.....     1%          2    None
d - Conjure Flame         Conj/Fire      #####...     1%          3    None
e - Mephitic Cloud        Conj/Pois/Air  ####....     1%          3    None
f - Apportation           Tloc           ###...       1%          1    None


Dungeon Overview and Level Annotations

Branches:
Dungeon (6/15)             Temple (1/1) D:4

Altars:
Cheibriados
Elyvilon
Gozag
Kikubaaqudgha
Makhleb
Nemelex Xobeh
Okawaru
Qazlal
Ru
Sif Muna
Trog
Uskayaw
Vehumet
Xom
Yredelemnul
Zin
The Shining One

Shops:
D:4 *   D:6 %


Message History

The fire elemental is heavily damaged.
The fire elemental completely misses you.
The deep elf mage points at you and mumbles some strange words.
The sticky flame hits you!
You are covered in liquid flames!
The fire elemental closely misses you.
You riposte.
You completely miss the fire elemental.
The fire elemental is heavily damaged.
You are covered in liquid flames!
The deep elf mage mumbles some strange words.
The deep elf mage blinks!
You are covered in liquid flames!
* * * LOW HITPOINT WARNING * * *
The deep elf mage casts a spell.
The deep elf mage blinks!
You feel better.
You are covered in liquid flames!
* * * LOW HITPOINT WARNING * * *
The fire elemental hits you. The fire elemental burns you!
You die...

#.###.# #.# #.## #########
#######.###..######......<.
#.................#.....[..
#.#..8...8!.#.###.#........
#.#..#...#§.#.# #.#........
#.#..#...#..#.###.#........
#.#..#...#..#.#...#######..
#.#..#...#@.#.#.###........
#.#..#...#E.#.............#
#.#..#+++#§.#.#............
#.# +...'§§#....##..<...)#
#.# +...'..#..>...........
##.# +...'..#.#######......
#..###########.# #.#.)..
#..............# #.#.###
#.#.####.###.#########....#


You could see a fire elemental.

Vanquished Creatures
  The ghost of GordonOverkill the Skirmisher, an amateur MiSu (D:4)
  Duvessa (D:4)
  A sky beast (D:6)
  2 ice beasts
  A phantom (D:3)
  Dowan (D:4)
  A scorpion (D:4)
  A killer bee (D:6)
  A howler monkey (D:4)
  A crimson imp (D:6)
  A hound (D:5)
  A bullfrog skeleton (D:4)
  8 orc wizards
  5 orc priests
  A jelly (D:5)
  A centaur skeleton (D:4)
  2 iguanas (D:5)
  3 worker ants
  Robin (D:3)
  7 adders
  3 shadow imps (D:6)
  An ooze (D:1)
  2 dart slugs
  5 leopard geckos
  19 orcs
  A ball python (D:3)
  5 giant cockroaches
  13 hobgoblins
  16 jackals
  2 quokkas
  6 bats
  6 frilled lizards
  19 goblins
  9 kobolds
  6 rats
154 creatures vanquished.

Notes
Turn   | Place    | Note
-------+----------+-------------------------------------------
     0 | D:1      | JarielCorvus the Deep Elf Wizard began the quest for the Orb.
     0 | D:1      | Reached XP level 1. HP: 10/10 MP: 7/7
   170 | D:1      | Reached skill level 5 in Spellcasting
   170 | D:1      | Reached XP level 2. HP: 15/15 MP: 6/10
   205 | D:1      | Learned a level 2 spell: Blink
   208 | D:1      | Learned a level 2 spell: Call Imp
   818 | D:1      | Reached XP level 3. HP: 19/19 MP: 7/12
   823 | D:1      | Learned a level 3 spell: Conjure Flame
   827 | D:1      | Learned a level 3 spell: Mephitic Cloud
  1120 | D:2      | Reached skill level 6 in Spellcasting
  1364 | D:2      | Found a sacrificial altar of Ru.
  2027 | D:3      | Reached XP level 4. HP: 24/24 MP: 7/14
  2078 | D:3      | Noticed Robin
  2156 | D:3      | Killed Robin
  2417 | D:3      | Reached skill level 7 in Spellcasting
  2417 | D:3      | Reached XP level 5. HP: 13/28 MP: 4/16
  2634 | D:3      | Learned a level 1 spell: Apportation
  2775 | D:3      | Noticed a phantom
  2805 | D:3      | Killed a phantom
  2805 | D:3      | Reached skill level 8 in Spellcasting
  2985 | D:4      | Reached XP level 6. HP: 28/32 MP: 11/19
  3088 | D:4      | Noticed GordonOverkill's ghost (amateur MiSu)
  3187 | D:4      | Killed GordonOverkill's ghost
  3187 | D:4      | Reached skill level 9 in Spellcasting
  3379 | D:4      | Reached XP level 7. HP: 31/36 MP: 0/21
  3726 | D:4      | Found Houclatzo's Assorted Antiques.
  3843 | D:4      | Found a staircase to the Ecumenical Temple.
  3922 | D:4      | Reached skill level 10 in Spellcasting
  3922 | D:4      | Reached skill level 5 in Conjurations
  3955 | Temple   | Entered the Ecumenical Temple
  3966 | Temple   | Became a worshipper of Vehumet
  3994 | D:4      | Noticed Duvessa
  3996 | D:4      | Noticed Dowan
  4004 | D:4      | Killed Dowan
  4099 | D:4      | Killed Duvessa
  4409 | D:5      | Entered Level 5 of the Dungeon
  4432 | D:5      | Reached XP level 8. HP: 41/41 MP: 19/24
  4440 | D:5      | Found a white marble altar of Elyvilon.
  4507 | D:5      | Reached skill level 11 in Spellcasting
  5146 | D:6      | Reached skill level 1 in Fire Magic
  5159 | D:6      | Reached skill level 1 in Air Magic
  5240 | D:6      | Found a transporter.
  5480 | D:6      | Reached * piety under Vehumet
  5480 | D:6      | Offered knowledge of Shock by Vehumet.
  5653 | D:6      | Found Ifrusad's Food Boutique.
  6580 | D:6      | Found a transporter.
  6700 | D:6      | Noticed a deep elf mage
  6720 | D:6      | Slain by a fire elemental

Skill      XL: |  1  2  3  4  5  6  7  8 |
---------------+-------------------------+-----
Spellcasting   | 5 6 7 8 9 10 11 | 11.0
Conjurations   | 2 3 4 5 7 |  7.1
Fire Magic     | 2 |  2.9
Air Magic      | 2 |  2.6
Dodging        | |  2.4
Stealth        | |  2.4
Summonings     | |  1.1
Translocations | |  1.1

Action                   |  1- 3 |  4- 6 |  7- 9 || total
-------------------------+-------+-------+-------++-------
Melee: Short sword       |       |    55 |     8 ||    63
       Falchion          |       |       |    27 ||    27
 Cast: Magic Dart        |   115 |   129 |   252 ||   496
       Mephitic Cloud    |       |     3 |    13 ||    16
       Call Imp          |       |     8 |     1 ||     9
       Conjure Flame     |       |     1 |     5 ||     6
       Blink             |       |       |     4 ||     4
  Use: Scroll            |     5 |     2 |     4 ||    11
       Potion            |     3 |       |     3 ||     6
  Eat: Chunk             |     2 |       |     8 ||    10
       Meat ration       |     1 |       |       ||     1
       Bread ration      |       |       |     1 ||     1
Armor: Robe              |     7 |     3 |    18 ||    28
Dodge: Dodged            |    11 |    45 |    28 ||    84
       Rpst.: Falchion   |       |       |     7 ||     7
